 Dungeon Crawl Stone Soup version 0.30-a0-728-gc68057be0a (webtiles) character file.

Game seed: 13367305067995087462

686 Newt the Cutter (level 7, -10/54 HPs)
             Began as a Demonspawn Gladiator on Jan 31, 2023.
             Was a Follower of Dithmenos.
             Killed from afar by Dowan (18 damage)
             ... with a shard of ice
             ... on level 5 of the Dungeon.
             The game lasted 00:04:51 (4803 turns).

Newt the Cutter (Demonspawn Gladiator)              Turns: 4803, Time: 00:04:53

Health: -10/54     AC:  6    Str: 16    XL:     7   Next: 35%
Magic:  7/7        EV: 12    Int:  9    God:    Dithmenos [*.....]
Gold:   272        SH:  0    Dex: 15    Spells: 6/6 levels left

rFire   . . .      SeeInvis +    a - +3 rapier
rCold   + . .      Faith    .    (no shield)
rNeg    . . .      Spirit   .    b - +0 leather armour
rPois   .          Reflect  .    c - +0 helmet
rElec   .          Harm     .    (no cloak)
rCorr   .          Rampage  .    (no gloves)
Will    .....                    (no boots)
Stlth   +++                      (no amulet)
HPRegen 0.29/turn                f - ring of see invisible
MPRegen 0.20/turn                d - ring of protection from cold

@: mighty, wreathed by umbra
A: icy blue scales 1, demonic guardian 2, magic regeneration
a: Renounce Religion


You were on level 5 of the Dungeon.
You worshipped Dithmenos.
Dithmenos was aware of your devotion.
You visited 1 branch of the dungeon, and saw 6 of its levels.

You collected 272 gold pieces.

Inventory:

Hand Weapons
 a - a +3 rapier (weapon)
Missiles
 e - 7 javelins
 k - 49 stones (quivered)
 l - 10 poisoned darts
 r - 3 boomerangs
 x - a throwing net
Armour
 b - a +0 leather armour (worn)
 c - a +0 helmet (worn)
 w - a +0 pair of boots
Jewellery
 d - a ring of protection from cold (right hand)
 f - a ring of see invisible (left hand)
 g - a ring of ice
Scrolls
 i - 3 scrolls of torment
 n - a scroll of identify
 s - a scroll of immolation
 t - a scroll of magic mapping
 u - 2 scrolls of fog
Potions
 h - a potion of might
 j - 2 potions of curing
 m - a potion of lignification
 o - a potion of flight
 p - a potion of haste
 q - a potion of attraction
 v - a potion of ambrosia


   Skills:
 - Level 4.0 Fighting
 - Level 6.0 Short Blades
 - Level 1.7 Throwing
 - Level 2.6 Dodging
 + Level 4.1 Stealth


You had 6 spell levels left.
You didn't know any spells.
Your spell library contained the following spells:

 Spells                   Type           Power      Damage    Failure   Level
 Static Discharge         Conj/Air       0%         2-2/arc   58%         2
 Inner Flame              Hex/Fire       0%         N/A       83%         3
 Vhi's Electric Charge    Tloc/Air       0%         N/A       83%         3
 Flame Wave               Conj/Fire      0%         2d4       99%         4
 Sticky Flame             Conj/Fire      0%         2d3       99%         4
 Arcjolt                  Conj/Air       0%         1d10      100%        5
 Lightning Bolt           Conj/Air       0%         1d11      100%        5


Dungeon Overview and Level Annotations

Branches:
Dungeon (6/15)
 Temple: D:4-7

Altars:
Dithmenos
Nemelex Xobeh
Ru
Sif Muna
Wu Jian
Yredelemnul

Annotations:
D:5 Dowan


Innate Abilities, Weirdness & Mutations

You are partially covered in icy blue scales. (AC +2)
A demonic guardian rushes to your aid.
You regenerate magic rapidly.


Message History

Okay, then.
Throw: 2 throwing nets
Press: ? - help, Shift-Dir - straight line, f - Dowan
Aim: Dowan, wielding a +0 dagger and wearing a +0 robe (fast, umbra, 50% to hit)
You throw a throwing net. The throwing net hits Dowan.
Dowan is caught in the net!
Dowan points at you and mumbles some strange words.
The shard of ice hits you. You partially resist.
Dowan struggles against the net.
You barely miss Dowan.
Dowan struggles against the net.
You hit Dowan.
Dowan is lightly wounded.
Dowan struggles against the net.
You puncture Dowan!
Dowan is moderately wounded.
Dowan gestures wildly while chanting.
Dowan blinks!
Dowan breathes, "And she was my only..."
Items here: ! ( ) [ †.
x - 2 throwing nets (gained 1) Dowan points at you and mumbles some strange words.
The stone arrow hits you!
* * * LOW HITPOINT WARNING * * *
Throw: 2 throwing nets
Press: ? - help, Shift-Dir - straight line, f/p - Dowan
Aim: Dowan, wielding a +0 dagger and wearing a +0 robe (moderately wounded, fast, 50% to hit)
You throw a throwing net. The throwing net hits Dowan.
Dowan is caught in the net!
Dowan is moderately wounded.
Dowan struggles against the net.
Dowan points at you and mumbles some strange words.
The shard of ice hits you! You partially resist.
* * * LOW HITPOINT WARNING * * *
A demonic guardian appears!
Dowan struggles against the net.
There is a stone staircase leading down here.
Dowan struggles against the net.
The net rips apart, and Dowan comes free!
Dowan casts a spell at you. The shard of ice hits you!! You partially resist.
You die...

.....# .....### .......#
###.##.# ..#.##.####
#.#.#.....######
..#.#..........#
###.#..........#########
................@>4....#
....######....e##.####.#
#####...#########.####.#
...##...# #.........#
##.##...# #.##..######
.#.##...######.##..#....#
.#......##...#.....#.##.#
.####...##.#.###.....##.#
.####.#....#......#####.#


You could see Dowan (fast, ally target) and a friendly rust devil (summoned).

Vanquished Creatures
  Duvessa (D:5)
  A water moccasin (D:5)
  A phantom (D:5)
  2 scorpions
  A hound (D:5)
  An orc priest (D:5)
  6 adders
  2 shadow imps
  A white imp (D:5)
  A worm (D:2)
  3 dart slugs
  4 orcs
  4 bats
  10 endoplasms
  5 giant cockroaches
  7 goblins
  3 hobgoblins
  4 jackals
  3 quokkas
  9 ball pythons
  3 frilled lizards
  6 kobolds
  5 rats
83 creatures vanquished.

Vanquished Creatures (collateral kills)
  An orc priest (D:5)
  An iguana (D:4)
  2 orcs
  2 endoplasms
  A kobold (D:1)
7 creatures vanquished.

Grand Total: 90 creatures vanquished

Notes
Turn   | Place    | Note
-------+----------+-------------------------------------------
     0 | D:1      | Newt the Demonspawn Gladiator began the quest for the Orb.
     0 | D:1      | Reached XP level 1. HP: 16/16 MP: 1/1
    54 | D:1      | Reached skill level 1 in Stealth
   106 | D:1      | Gained mutation: A weak demonic guardian rushes to your
                  | aid. [demonic ancestry]
   106 | D:1      | Reached XP level 2. HP: 16/22 MP: 2/2
   713 | D:1      | Gained mutation: You are partially covered in icy blue
                  | scales. (AC +2) [demonic ancestry]
   713 | D:1      | Reached XP level 3. HP: 28/28 MP: 3/3
  2017 | D:3      | Gained mutation: A demonic guardian rushes to your aid.
                  | [demonic ancestry]
  2017 | D:3      | Reached XP level 4. HP: 35/37 MP: 4/4
  2101 | D:3      | Found a shimmering blue altar of Sif Muna.
  2102 | D:3      | Found a sacrificial altar of Ru.
  2104 | D:3      | Found a shadowy altar of Dithmenos.
  2106 | D:3      | Found a sparkling altar of Nemelex Xobeh.
  2106 | D:3      | Found a basalt altar of Yredelemnul.
  2107 | D:3      | Found an ornate altar of the Wu Jian Council.
  2112 | D:3      | Became a worshipper of Dithmenos the Shadowed
  2604 | D:4      | Reached skill level 3 in Short Blades
  3042 | D:4      | Noticed a scorpion
  3046 | D:4      | Killed a scorpion
  3047 | D:4      | Reached skill level 4 in Short Blades
  3047 | D:4      | Reached XP level 5. HP: 42/42 MP: 5/5
  3663 | D:5      | Entered Level 5 of the Dungeon
  3671 | D:5      | Noticed an ogre
  3674 | D:5      | Reached * piety under Dithmenos
  3893 | D:5      | Noticed a water moccasin
  3900 | D:5      | Killed a water moccasin
  3901 | D:5      | Reached skill level 5 in Short Blades
  3901 | D:5      | Gained mutation: You regenerate magic rapidly. [demonic
                  | ancestry]
  3901 | D:5      | Reached XP level 6. HP: 48/48 MP: 6/6
  4486 | D:5      | Reached skill level 6 in Short Blades
  4541 | D:5      | Reached XP level 7. HP: 54/54 MP: 7/7
  4777 | D:6      | Noticed Duvessa
  4777 | D:6      | Noticed Dowan
  4794 | D:5      | Killed Duvessa
  4803 | D:5      | Killed from afar by Dowan

Illustrated notes

Levels and vault maps discovered:
D:1:      psy_arrival_spokes, layout_loops_ring
D:2:      layout_basic, chequers_serial_rivers_room_b
D:3:      layout_basic, grunt_temple_overflow_open,
          corexii_item_surrounded_by_moat
D:4:      layout_loops_ring, kennysheep_generic_room_10
D:5:      layout_basic
D:6:      layout_cave_pools, minmay_temple_entry_overgrown, gammafunk_ghost_icy,
          uniq_maggie, uniq_prince_ribbit1, uniq_duvessa, uniq_edmund

Skill      XL: |  1  2  3  4  5  6  7 |
---------------+----------------------+-----
Stealth        | 1 2 4 |  4.1
Fighting       | 3 4 |  4.0
Short Blades   | 4 5 6 |  6.0
Throwing       | |  1.7
Dodging        | |  2.6

Action                     |  1- 3 |  4- 6 |  7- 9 || total
---------------------------+-------+-------+-------++-------
  Melee: Rapier            |   128 |   147 |    32 ||   307
         Punch             |     1 |       |     1 ||     2
  Throw: Throwing net      |       |     3 |     2 ||     5
    Use: Scroll            |     9 |     8 |       ||    17
         Potion            |     1 |     1 |     1 ||     3
   Stab: Sleeping          |     1 |     7 |       ||     8
         Distracted        |       |     1 |       ||     1
 Armour: Leather armour    |    42 |    49 |    13 ||   104
  Dodge: Dodged            |    80 |    95 |    10 ||   185

Table legend: (Time is in decaauts)
 A = Elapsed time spent in this place.
 B = Non-inter-level travel time spent in this place.
 C = Inter-level travel time spent in this place.
 D = Time resting spent in this place.
 E = Time spent auto-exploring this place.
 F = Levels seen in this place.
 G = Mean time per level.
                   A        B        C        D        E       F      G
               +--------+--------+--------+--------+--------+-----+--------+
         Total |   4807 |   4661 |    146 |    998 |   2960 |   6 |  801.2 |
       Dungeon |   4807 |   4661 |    146 |    998 |   2960 |   6 |  801.2 |
               +--------+--------+--------+--------+--------+-----+--------+

Top non-repeatable levels by time:
     D:4: 1338 daAuts
     D:2: 1048 daAuts
     D:5: 919 daAuts
     D:1: 793 daAuts
     D:3: 703 daAuts
     D:6: 3 daAuts
